 Dungeon Crawl Stone Soup version 0.28.0-43-g3370ac3207 (webtiles) character file.

Game seed: 7496163954744497671

6224 mortz the Thaumaturge (level 11, 0/68 HPs)
             Began as a Djinni Conjurer on Mar 23, 2022.
             Was a Priest of Makhleb.
             Slain by an orc warrior
             ... wielding a +0 trident
              (9 damage)
             ... in a bailey.
             The game lasted 01:33:16 (12924 turns).

mortz the Thaumaturge (Djinni Conjurer)            Turns: 12924, Time: 01:33:17

Health: 0/68       AC: 15    Str: 12    XL:     11   Next: 14%
Gold:   148        EV:  9    Int: 26    God:    Makhleb [***...] SH:  7 Dex: 12

rFire   + + .      SeeInvis .   e - +5 hunting sling of Untimely Demise {flame, rC+ Int+2 Stlth+, sling}
rCold   + + .      Faith    .   z - +3 buckler
rNeg    . . .      Spirit   .   q - +0 ice dragon scales
rPois   ∞          Reflect  .   (no helmet)
rElec   .          Harm     .   F - +2 cloak {rPois}
rCorr   .          Rampage  +   c - +0 pair of gloves of Mateirin {Will+ Slay+3 Stlth-}
Will    ++...                   (boots unavailable)
Stlth   +.........              Q - amulet of the Aged Eyes {Rampage Regen+}
HPRegen 1.01/turn               g - +6 ring of strength
MPRegen 0.00/turn               S - ring of protection from fire

@: flying, very slightly contaminated
A: sickness immunity, fire resistance 2, cold vulnerability 1, float, innate
caster, HP casting, extra vitality 1
a: Renounce Religion, Minor Destruction, Lesser Servant of Makhleb


You were in a bailey.
You worshipped Makhleb.
Makhleb was most pleased with you.
You visited 2 branches of the dungeon, and saw 11 of its levels.
You also visited: Sewer and Bailey.

You collected 538 gold pieces.
You spent 390 gold pieces at shops.


Innate Abilities, Weirdness & Mutations

You are immune to sickness and miasma.
You are immune to poison.
Your flesh is very heat resistant. (rF++)
You are vulnerable to cold. (rC-)
You float through the air rather than walking.
You learn spells naturally, not from books.
Your magical power is your life essence.
You have superior vitality. (+4 MHP)


   Skills:
 + Level 2.1 Fighting
 + Level 1.9 Short Blades
 + Level 1.7 Slings
 + Level 4.1 Armour
 + Level 4.7 Dodging
 + Level 4.9 Stealth
 + Level 2.5 Shields
 + Level 10.0 Spellcasting
 * Level 5.0 Invocations


You had 2 spell levels left.
You knew the following spells:

 Your Spells              Type           Power      Damage    Failure   Level
a - Magic Dart            Conj           100%       1d8       1%          1
b - Searing Ray           Conj           100%       2d8       1%          2
c - Dazzling Flash        Conj/Hex       100%       N/A       1%          3
d - Fulminant Prism       Conj/Hex       30%        3d16      7%          4
e - Iskenderun's Mystic   Conj/Tloc      60%        2d13      7%          4
f - Sting                 Tmut/Pois      100%       1d8       1%          1
g - Poisonous Vapours     Pois/Air       100%       N/A       1%          2
h - Gell's Gravitas       Tloc           60%        N/A       1%          3
i - Portal Projectile     Hex/Tloc       100%       N/A       1%          3
j - Silence               Hex/Air        30%        N/A       19%         5
Your spell library was empty.

Inventory:

Hand Weapons
 a - a +1 vampiric short sword {short}
   (You took it off a kobold on level 7 of the Dungeon)
 e - the +5 hunting sling of Untimely Demise (weapon) {flame, rC+ Int+2 Stlth+, sling}
   (You found it on level 9 of the Dungeon)

   Any ammunition fired from it burns those it strikes, dealing additional fire
   damage.
   Int:       It affects your intelligence (+2).
   rC:        It protects you from cold.
   Stlth:     It makes you more stealthy.
 f - a +4 short sword of freezing {short}
   (You took it off a kobold on level 1 of the Dungeon)
 j - a +0 long sword {long}
   (You found it on level 5 of the Dungeon)
 r - a +0 dagger of flaming {short}
   (You took it off an orc on level 3 of the Dungeon)
 u - a +0 flail of holy wrath {mace}
   (You took it off an orc on level 3 of the Dungeon)
 x - a +0 dire flail {mace}
   (You found it on level 4 of the Dungeon)
 A - a +4 halberd {polearm}
   (You took it off a wight on level 7 of the Dungeon)
 I - a +3 mace {mace}
   (You took it off a wight on level 7 of the Dungeon)
 R - a +0 short sword of holy wrath {short}
   (You took it off a kobold on level 7 of the Dungeon)
 W - a +3 battleaxe {axe}
   (You took it off a tengu warrior on level 9 of the Dungeon)
Missiles
 b - 241 stones {throwing}
 t - 19 poisoned darts {throwing}
 V - 28 sling bullets (quivered ammo)
Armour
 c - the +0 pair of gloves of Mateirin (worn) {Will+ Slay+3 Stlth-}
   (You bought it in a shop on level 8 of the Dungeon)

   Slay:      It affects your accuracy & damage with ranged weapons and melee
   (+3).
   Will:      It increases your willpower.
   Stlth:     It makes you less stealthy.
 q - +0 ice dragon scales (worn)
   (You found it on level 10 of the Dungeon)
 z - a +3 buckler (worn)
   (You found it on level 4 of the Dungeon)
 F - a +2 cloak of poison resistance (worn)
   (You bought it in a shop on level 8 of the Dungeon)
 K - a +0 crystal plate armour {rare=g}
   (You found it on level 6 of the Dungeon)
 M - the +4 leather armour "Buaham" {Will+}
   (You found it in a sewer)

   Will:      It increases your willpower.
Magical Staves
 n - a staff of death {!astaff}
   (You found it on level 10 of the Dungeon)
Jewellery
 g - a +6 ring of strength (left hand)
   (You found it on level 1 of the Dungeon)
 s - a ring of ice
   (You found it on level 3 of the Dungeon)
 y - a ring of protection from cold
   (You found it on level 7 of the Dungeon)
 E - a ring of protection from cold
   (You found it on level 5 of the Dungeon)
 J - an amulet of reflection
   (You found it on level 6 of the Dungeon)
 Q - the amulet of the Aged Eyes (around neck) {Rampage Regen+}
   (You found it on level 6 of the Dungeon)

   [amulet of regeneration]

   Regen:     It increases your rate of health regeneration.
   Rampage:   It bestows one free step when moving towards enemies.
 S - a ring of protection from fire (right hand)
   (You found it on level 8 of the Dungeon)
 T - a ring of see invisible
   (You found it on level 7 of the Dungeon)
Scrolls
 k - a scroll of magic mapping {!r}
 l - 2 scrolls of silence {!r}
 o - 2 scrolls of enchant armour
 p - a scroll of fog {unknown}
 v - a scroll of summoning
 B - a scroll of immolation {!r!r}
 C - a scroll of brand weapon {unknown}
 D - a scroll of vulnerability {!r!r}
 G - a scroll of fear {unknown}
 O - a scroll of amnesia {unknown}
 Y - 3 scrolls of enchant weapon
Potions
 d - 5 potions of mutation {!q}
 h - 4 potions of curing {@q1}
 i - 3 potions of attraction {!q}
 m - 3 potions of heal wounds {@q2}
 w - 2 potions of haste {unknown}
 H - 2 potions of resistance
 L - 3 potions of invisibility {unknown}
 N - a potion of brilliance {unknown}
 P - a potion of magic {unknown}
 U - 2 potions of lignification {unknown}
 X - a potion of might {unknown}

Dungeon Overview and Level Annotations

Branches:
Dungeon (10/15)            Temple (1/1) D:4            Lair (0/6) D:10
  Sewer (visited)          Bailey (1/1)
    Orc: D:9-12

Altars:
Ashenzari
Cheibriados
Dithmenos
Elyvilon
Fedhas
Gozag
Hepliaklqana
Kikubaaqudgha
Makhleb
Nemelex Xobeh
Okawaru
Qazlal
Ru
Sif Muna
Trog
Uskayaw
Vehumet
Wu Jian
Xom
Yredelemnul
Zin
The Shining One

Shops:
D:8

[
..≈≈###≈≈≈≈≈≈≈≈≈≈≈≈≈≈≈≈≈≈≈###≈≈..
..≈##.##≈≈≈≈≈≈≈≈≈≈≈≈≈≈≈≈≈##.##≈..
..≈#....≈≈≈≈≈≈≈≈≈≈≈≈≈≈≈≈≈.)..#≈..
..≈##.∩#≈≈≈≈≈≈≈≈≈≈≈≈≈≈≈≈≈#∩.##≈..
..≈≈#)##≈≈≈≈≈#######≈≈≈≈≈##.#≈≈..
..≈≈≈≈≈≈≈≈≈≈≈##≈≈≈≈##≈≈≈≈≈≈≈≈≈≈..
..≈≈≈≈≈≈≈≈≈≈≈##≈≈≈≈≈##≈≈≈≈≈≈≈≈≈..
..≈≈≈≈≈≈≈≈≈≈≈##'''#≈≈##≈≈≈≈≈≈≈≈..
..≈≈≈≈≈≈≈##≈≈##∩@∩##≈≈#≈≈≈≈≈≈≈≈..
..≈≈≈≈≈≈≈##≈####'####≈##≈≈≈≈≈≈≈..
..≈≈≈≈≈≈≈##≈')#ooo#)'≈##≈≈≈≈≈≈≈..
..≈≈≈≈≈≈≈##≈###._.###≈##≈≈≈≈≈≈≈..
..≈≈≈≈≈≈≈##≈')#).)#)'≈##≈≈≈≈≈≈≈..
..≈≈≈≈≈≈≈##≈#########≈##≈≈≈≈≈≈≈..
..≈≈≈≈≈≈≈≈#≈≈##)#)##≈≈#≈≈≈≈≈≈≈≈..
..≈≈≈≈≈≈≈≈##≈≈#'#'#≈≈##≈≈≈≈≈≈≈≈..
..≈≈≈≈≈≈≈≈≈##≈≈≈≈≈≈≈##≈≈≈≈≈≈≈≈≈..


You could see an orc knight and 2 orc warriors.


Message History

The orc warrior hits you but does no damage.
Casting: Iskenderun's Mystic Blast (dangerous; 7% risk of failure)
Confirm with . or Enter, or press ? or * to list all spells.
You erupt in a blast of force!
The mystic blast hits the orc warrior.
The orc warrior is knocked back by the mystic blast.
The orc warrior slams into the metal wall!
The orc warrior hits you but does no damage. 😕 HP[-3]
You take 3 damage, and now have 65/68 hp.
Casting: Iskenderun's Mystic Blast (dangerous; 7% risk of failure)
Confirm with . or Enter, or press ? or * to list all spells.
You erupt in a blast of force!
The mystic blast hits the orc warrior!!
The orc warrior is knocked back by the mystic blast.
The orc warrior slams into the metal wall! 😕 HP[-3]
You take 3 damage, and now have 62/68 hp.
Casting: Iskenderun's Mystic Blast (dangerous; 7% risk of failure)
Confirm with . or Enter, or press ? or * to list all spells.
You erupt in a blast of force!
The mystic blast hits the orc warrior.
You kill the orc warrior!
Makhleb accepts your kill.
You feel better.
Your Spellcasting skill increases to level 10! 😕 HP[-1]
You take 1 damage, and now have 61/68 hp.
There is an open door here. 😕 HP[+1]
Things that are here:
a +0 spear {polearm}; a +0 plate armour; 😕 HP[+1]
You start resting. 😎 HP[+5]
Your hp is fully restored (68).
There is an open door here.
You reach down and open the gate.
Found 3 scrolls of enchant weapon.
Found two gates leading back out of this place.
There is an open gate here.
Y - 3 scrolls of enchant weapon
There is an open gate here.
You reach down and open the door.
An orc knight, an orc and 2 orc warriors come into view.
The orc knight shouts!
The orc shouts!
The orc warrior shouts!
The orc knight closely misses you.
Found a runed triple sword and a runed triple crossbow.
Found a roughly hewn altar of Beogh.
Casting: Iskenderun's Mystic Blast (dangerous; 7% risk of failure)
Confirm with . or Enter, or press ? or * to list all spells.
You erupt in a blast of force!
The mystic blast hits the orc knight!
The orc knight is knocked back by the mystic blast.
The orc knight collides with the orc warrior!
The mystic blast hits the orc warrior!
The orc warrior is knocked back by the mystic blast.
The orc warrior slams into the metal wall!
The mystic blast hits the orc!!
You kill the orc!
Makhleb accepts your kill.
You feel better. 😕 HP[-2]
You take 2 damage, and now have 66/68 hp.
Casting: Iskenderun's Mystic Blast (dangerous; 7% risk of failure)
Confirm with . or Enter, or press ? or * to list all spells.
You miscast Iskenderun's Mystic Blast.
You are very lightly contaminated with residual magic.
Nothing appears to happen.
The orc knight roars a battlecry!
The orc warriors go into a battle-frenzy!
The orc warrior hits you from afar with a +0 trident!!
The orc warrior hits you from afar with a +0 halberd! 😮 HP[-31]
You take 31 damage, and now have 35/68 hp.
MASSIVE DAMAGE!! (PAUSE)
Casting: Iskenderun's Mystic Blast (dangerous; 7% risk of failure)
Confirm with . or Enter, or press ? or * to list all spells.
You erupt in a blast of force!
The mystic blast hits the orc knight!
The orc knight is knocked back by the mystic blast.
The orc knight slams into the metal wall!
The mystic blast hits the orc warrior.
The orc warrior is knocked back by the mystic blast.
The orc warrior slams into the metal wall!
The mystic blast hits the orc warrior!
The orc warrior is knocked back by the mystic blast.
* * * LOW HITPOINT WARNING * * *
😨 HP[-3]
You take 3 damage, and now have 32/68 hp.
Casting: Iskenderun's Mystic Blast (dangerous; 7% risk of failure)
Confirm with . or Enter, or press ? or * to list all spells.
Aiming: Searing Ray (safe; 1% risk of failure)
Press: ? - help, Shift-Dir - straight line, f - orc knight
Aim: an orc knight, wielding a +0 glaive and wearing a +0 plate armour (moderately wounded, 83% to hit)
The searing ray hits the orc knight. (Press . to maintain the ray.)
* * * LOW HITPOINT WARNING * * *
😨 HP[-1]
You take 1 damage, and now have 31/68 hp.
The searing ray hits the orc knight.
* * * LOW HITPOINT WARNING * * *
The orc warrior hits you from afar with a +0 halberd!!
* * * LOW HITPOINT WARNING * * *
The orc warrior hits you from afar with a +0 trident!
You die...

Skill      XL: |  1  2  3  4  5  6  7  8  9 10 11 |
---------------+----------------------------------+-----
Spellcasting   | 4 5 6 7 8 9 10 | 10.0
Stealth        | 2 3 4 |  4.9
Dodging        | 3 4 |  4.7
Fighting       | 1 2 |  2.1
Short Blades   | 1 |  1.9
Invocations    | 3 4 5 |  5.0
Armour         | 1 3 4 |  4.1
Shields        | 2 |  2.5
Slings         | 1 |  1.7

Action                   |  1- 3 |  4- 6 |  7- 9 | 10-12 || total
-------------------------+-------+-------+-------+-------++-------
Melee: Short sword       |    24 |     6 |    10 |       ||    40
 Fire: Hunting sling     |       |       |       |    26 ||    26
 Cast: Magic Dart        |    35 |    57 |   126 |    24 ||   242
       Searing Ray       |    11 |    18 |    57 |    26 ||   112
       Iskenderun's Myst |       |       |    11 |    24 ||    35
       Fulminant Prism   |       |       |       |     2 ||     2
Invok: Lesser Servant of |       |       |       |     2 ||     2
  Use: Scroll            |       |     1 |     9 |    11 ||    21
Armor: Robe              |     4 |     1 |     7 |       ||    12
       Leather armour    |       |       |     4 |     7 ||    11
       Ice dragon scales |       |       |       |     6 ||     6
Dodge: Dodged            |    15 |    16 |    26 |    23 ||    80
Block: Buckler           |       |       |    12 |    24 ||    36

Levels and vault maps discovered:
D:1:      minmay_arrival_shattered_statue, layout_loops_corners,
          shapermc_ecumenical_altar_flowoftime, hangedman_feature_mirror
D:2:      layout_loops_corners, minmay_misc_feat_iff
D:3:      layout_rooms, lemuel_crystal_altar, st_stairs_1
D:4:      layout_basic, minmay_temple_entry_crystal_x, uniq_grinder
D:5:      layout_loops_ring, kennysheep_generic_room_10
D:6:      layout_basic, gup_sewer_entry_bowl, grunt_decor_one_mirror,
          nicolae_concentric_dashed_squares_mild
D:7:      layout_basic
D:8:      layout_basic, serial_shops, shop, minmay_misc_feat_chi
D:9:      layout_small_grid, nicolae_concentric_dashed_squares_wild
D:10:     layout_stronghold, lair_entry_dummy, enter_bailey_5, minivault_7
Temple:   mainiacjoe_temple_starburst
Bailey:   bailey_polearm_2, bailey

Notes
Turn   | Place    | Note
-------+----------+-------------------------------------------
     0 | D:1      | mortz the Djinni Conjurer began the quest for the Orb.
     0 | D:1      | Reached XP level 1. HP: 15/15 MP: 0/0
     0 | D:1      | magus.rc [v1.9.6]
   332 | D:1      | Reached XP level 2. HP: 20/21 MP: 0/0
   707 | D:1      | Found a faded altar of an unknown god.
   876 | D:1      | Reached XP level 3. HP: 20/25 MP: 0/0
   876 | D:1      | Learned a level 1 spell: Sting
  1154 | D:1      | Reached skill level 4 in Spellcasting
  2113 | D:2      | Reached XP level 4. HP: 25/31 MP: 0/0
  3000 | D:2      | HP: 7/31 [orc/+0 flail (3)]
  3034 | D:2      | HP: 6/31 [orc/+0 flail (5)]
  3451 | D:3      | Reached XP level 5. HP: 25/35 MP: 0/0
  3451 | D:3      | Learned a level 2 spell: Poisonous Vapours
  3662 | D:3      | Reached skill level 2 in Stealth
  3720 | D:3      | Noticed a sky beast
  4214 | D:3      | Found a sacrificial altar of Ru.
  4302 | D:3      | Killed a sky beast
  4303 | D:3      | Reached skill level 5 in Spellcasting
  4303 | D:3      | Reached XP level 6. HP: 33/41 MP: 0/0
  4666 | D:4      | Noticed Grinder
  4807 | D:4      | Found a staircase to the Ecumenical Temple.
  4828 | Temple   | Entered the Ecumenical Temple
  5005 | Temple   | Became a worshipper of Makhleb the Destroyer
  5465 | D:4      | Noticed a black bear
  5472 | D:4      | Killed a black bear
  5473 | D:4      | Reached skill level 3 in Dodging
  5473 | D:4      | Reached XP level 7. HP: 31/46 MP: 0/0
  5473 | D:4      | Learned a level 3 spell: Gell's Gravitas
  6248 | D:4      | Killed Grinder
  6249 | D:4      | Reached skill level 1 in Fighting
  6249 | D:4      | Reached skill level 3 in Stealth
  6249 | D:4      | Reached skill level 6 in Spellcasting
  6447 | D:5      | Entered Level 5 of the Dungeon
  6675 | D:5      | Reached XP level 8. HP: 47/52 MP: 0/0
  6876 | D:5      | Reached skill level 1 in Short Blades
  6887 | D:5      | Reached * piety under Makhleb
  6888 | D:5      | Reached skill level 7 in Spellcasting
  7648 | D:5      | Reached skill level 4 in Dodging
  7911 | D:6      | Identified a +0 crystal plate armour
  7912 | D:6      | K - a +0 crystal plate armour {rare=g}
  7941 | D:6      | Found a glowing drain.
  7953 | Sewer    | Entered a sewer
  8209 | Sewer    | Reached XP level 9. HP: 54/57 MP: 0/0
  8209 | Sewer    | Learned a level 3 spell: Portal Projectile
  8272 | Sewer    | Reached ** piety under Makhleb
  8298 | Sewer    | Found a viscous altar of Jiyva.
  8426 | Sewer    | Identified the +4 leather armour "Buaham" {Will+}
  8575 | D:6      | Reached skill level 4 in Stealth
  8745 | D:6      | Reached skill level 1 in Invocations
  8745 | D:6      | Identified the amulet of the Aged Eyes {Rampage Regen+}
  9246 | D:6      | Reached skill level 2 in Invocations
  9726 | D:7      | Reached skill level 8 in Spellcasting
  9797 | D:7      | Reached skill level 1 in Armour
  9986 | D:7      | Noticed a kobold demonologist
  9994 | D:7      | Noticed an ice devil
 10000 | D:7      | Killed a kobold demonologist
 10001 | D:7      | Reached skill level 3 in Invocations
 10001 | D:7      | Reached XP level 10. HP: 49/63 MP: 0/0
 10031 | D:7      | Reached skill level 2 in Armour
 10350 | D:7      | Reached *** piety under Makhleb
 10351 | D:7      | Reached skill level 1 in Shields
 10600 | D:8      | Noticed a two-headed ogre
 10689 | D:8      | Found Facanefe's Antique Armour Emporium.
 10694 | D:8      | Bought a pair of dazzling gloves for 218 gold pieces
 10694 | D:8      | Identified the +0 pair of gloves of Mateirin {Will+ Slay+3
                  | Stlth-} (You bought it in a shop on level 8 of the Dungeon)
 10699 | D:8      | Bought a glowing cloak for 172 gold pieces
 10970 | D:8      | Reached skill level 2 in Shields
 11002 | D:8      | Killed a two-headed ogre
 11003 | D:8      | Reached skill level 3 in Armour
 11003 | D:8      | Reached skill level 9 in Spellcasting
 11434 | D:9      | Noticed a centaur warrior
 11446 | D:9      | Killed a centaur warrior
 11447 | D:9      | Reached skill level 4 in Invocations
 11545 | D:9      | Identified the +5 hunting sling of Untimely Demise {flame,
                  | rC+ Int+2 Stlth+}
 11655 | D:9      | Noticed a tengu warrior
 11663 | D:9      | Killed a tengu warrior
 11791 | D:9      | Reached XP level 11. HP: 68/68 MP: 0/0
 11791 | D:9      | Learned a level 5 spell: Silence
 11895 | D:9      | Reached skill level 4 in Armour
 12069 | D:10     | Entered Level 10 of the Dungeon
 12149 | D:10     | Found a staircase to the Lair.
 12530 | D:10     | Found a flagged portal.
 12554 | Bailey   | Entered a bailey
 12585 | Bailey   | Reached skill level 2 in Fighting
 12822 | Bailey   | Reached skill level 1 in Slings
 12857 | Bailey   | Reached skill level 5 in Invocations
 12901 | Bailey   | Reached skill level 10 in Spellcasting
 12919 | Bailey   | Noticed an orc knight
 12919 | Bailey   | Identified a +0 crystal plate armour
 12924 | Bailey   | HP: 9/68 [orc warrior/+0 halberd (22)]
 12924 | Bailey   | Slain by an orc warrior

Vanquished Creatures
  A two-headed ogre (D:8)
  A tengu warrior (D:9)
  A kobold demonologist (D:7)
  Grinder (D:4)
  A shadow (D:7)
  2 wyverns
  A water moccasin (D:7)
  9 orc warriors
  An ice beast (D:5)
  A black bear (D:4)
  A necrophage (D:5)
  3 sky beasts
  3 centaurs
  An ogre (D:5)
  3 kobold brigands (D:7)
  2 bullfrogs (D:6)
  4 scorpions
  4 wights (D:7)
  A howler monkey (D:9)
  A bullfrog zombie (D:5)
  3 hounds
  3 orc priests
  5 jellies
  A bullfrog skeleton (D:7)
  2 iguanas
  3 orc wizards
  A hound zombie (D:5)
  2 hound skeletons
  6 howler monkey zombies
  3 gnolls (D:6)
  8 adders
  4 river rats (Sewer)
  A shadow imp (D:4)
  A white imp (D:5)
  An ufetubus (D:6)
  3 worms
  A dart slug (D:4)
  36 orcs
  2 bats
  20 endoplasms
  7 giant cockroaches
  12 goblins
  10 hobgoblins
  2 jackals (D:1)
  10 quokkas
  4 ball pythons
  4 frilled lizards
  13 kobolds
  7 rats
217 creatures vanquished.

Vanquished Creatures (collateral kills)
  A centaur warrior (D:9)
  A centaur zombie (D:9)
2 creatures vanquished.

Vanquished Creatures (others)
  2 fulminant prisms
  A withered plant (D:1)
3 creatures vanquished.

Grand Total: 222 creatures vanquished

Table legend:
 A = Non-vault XP
 B = Vault XP
 C = Vault XP percentage of total XP
 D = Non-vault monster count
 E = Vault monster count
 F = Vault count percentage of total count
                 A         B        C        D         E       F
            +---------+---------+-------+---------+---------+-------
      Total |    7290 |    1602 |  18.0 |     151 |      68 |  31.1
            +---------+---------+-------+---------+---------+-------
        D:1 |      48 |      11 |  18.6 |      25 |       6 |  19.4
        D:2 |      46 |       0 |   0.0 |       9 |       0 |   0.0
        D:3 |     292 |       4 |   1.4 |      23 |       3 |  11.5
        D:4 |     243 |     300 |  55.2 |      15 |       1 |   6.2
        D:5 |     853 |      87 |   9.3 |      18 |       1 |   5.3
        D:6 |     683 |       7 |   1.0 |      18 |       4 |  18.2
        D:7 |    1620 |       0 |   0.0 |      27 |       0 |   0.0
        D:8 |    1239 |       0 |   0.0 |       4 |       0 |   0.0
        D:9 |    2236 |       0 |   0.0 |      10 |       0 |   0.0
       D:10 |      30 |       8 |  21.1 |       2 |       4 |  66.7
      Sewer |       0 |     212 | 100.0 |       0 |      31 | 100.0
     Bailey |       0 |     973 | 100.0 |       0 |      18 | 100.0
            +---------+---------+-------+---------+---------+-------

Illustrated notes

Table legend:
 A = Kills in this place as a percentage of kills in entire the game.
 B = Kills by you in this place as a percentage of kills by you in the entire game.
 C = Kills by friends in this place as a percentage of kills by friends in the entire game.
 D = Other kills in this place as a percentage of other kills in the entire game.
 E = Experience gained in this place as a percentage of experience gained in the entire game.
 F = Experience gained in this place divided by the number of levels of this place that you have seen.
                   A       B       C       D       E      F
               +-------+-------+-------+-------+-------+----------------------
         Total | 100.0 | 100.0 | 100.0 |   N/A | 100.0 | 684.0
       Dungeon |  77.6 |  77.4 | 100.0 |   N/A |  86.7 | 770.7
         Sewer |  14.2 |  14.3 |   0.0 |   N/A |   2.4 | 212.0
        Bailey |   8.2 |   8.3 |   0.0 |   N/A |  10.9 | 973.0
               +-------+-------+-------+-------+-------+----------------------

Table legend: (Time is in decaauts)
 A = Elapsed time spent in this place.
 B = Non-inter-level travel time spent in this place.
 C = Inter-level travel time spent in this place.
 D = Time resting spent in this place.
 E = Time spent auto-exploring this place.
 F = Levels seen in this place.
 G = Mean time per level.
                   A        B        C        D        E       F      G
               +--------+--------+--------+--------+--------+-----+--------+
         Total |  12938 |  12111 |    827 |   1763 |   8203 |  13 |  995.2 |
       Dungeon |  11486 |  10695 |    791 |   1615 |   7291 |  10 | 1148.6 |
        Temple |    547 |    511 |     36 |      0 |    499 |   1 |  547.0 |
         Sewer |    533 |    533 |      0 |     81 |    321 |   1 |  533.0 |
        Bailey |    370 |    370 |      0 |     67 |     92 |   1 |  370.0 |
               +--------+--------+--------+--------+--------+-----+--------+

Top non-repeatable levels by time:
     D:1: 2053 daAuts
     D:2: 1543 daAuts
     D:4: 1369 daAuts
     D:6: 1332 daAuts
     D:5: 1295 daAuts
     D:3: 1042 daAuts
     D:7: 940 daAuts
     D:8: 757 daAuts
     D:9: 665 daAuts
  Temple: 547 daAuts
   Sewer: 533 daAuts
    D:10: 486 daAuts
  Bailey: 370 daAuts
